 Dungeon Crawl Stone Soup version 0.31-a0-188-g5e087ee2ca (webtiles) character file.

Game seed: 3590790073090424030

3203 qw the Skirmisher (level 9, -4/52 HPs)
             Began as a Deep Elf Hunter on June 22, 2023.
             Was a Follower of Okawaru.
             Slain by a yak (11 damage)
             ... on level 8 of the Dungeon.
             The game lasted 00:02:14 (6397 turns).

qw the Skirmisher (Deep Elf Hunter)                 Turns: 6397, Time: 00:02:15

Health: -4/52      AC: 11    Str: 12    XL:     9   Next: 65%
Magic:  13/14      EV: 20    Int: 18    God:    Okawaru [*.....]
Gold:   435        SH:  0    Dex: 24    Spells: 8/8 levels left

rFire   . . .        Y - +3 shortbow (chaos)
rCold   . . .        (shield currently unavailable)
rNeg    . . .        j - +0 ring mail
rPois   +            b - +1 helmet {Int+3}
rElec   .            i - +0 cloak
rCorr   .            c - +0 pair of gloves
SInv    .            (no boots)
Will    .....        (no amulet)
Stlth   +++          h - +6 ring of dexterity
HPRegen 0.28/turn    f - ring of poison resistance
MPRegen 0.14/turn

%: no passive effects
@: heroic
A: no striking features
a: Renounce Religion, Heroism


You were on level 8 of the Dungeon.
You worshipped Okawaru.
Okawaru was aware of your devotion.
You visited 1 branch of the dungeon, and saw 8 of its levels.

You collected 455 gold pieces.
You spent 20 gold pieces at shops.


   Skills:
 - Level 4.2(9.2) Fighting
 - Level 14.0(19.0) Ranged Weapons
 - Level 2.0(7.0) Armour
 + Level 7.5(12.5) Dodging
 - Level 1.2(6.2) Stealth
 - Level 4.2 Invocations


You had 8 spell levels left.
You didn't know any spells.
Your spell library was empty.

Inventory:

Hand Weapons
 Y - a +3 shortbow of chaos (weapon)
Armour
 b - a +1 helmet of intelligence (worn)
 c - a +0 pair of gloves (worn)
 i - a +0 cloak (worn)
 j - a +0 ring mail (worn)
 k - the +1 ring mail "Zesal" {Harm rN+++ Will+ Str-4}
   (You found it on level 6 of the Dungeon)

   Str:       It affects your strength (-4).
   rN:        It renders you almost immune to negative energy.
   Harm:      It increases damage dealt and taken.
   Will:      It increases your willpower.
 p - a scarf of resistance
Jewellery
 e - a ring of resist corrosion
 f - a ring of poison resistance (right hand)
 h - a +6 ring of dexterity (left hand)
Scrolls
 a - 2 scrolls of identify
Potions
 d - a potion of resistance
 g - 2 potions of curing
 l - a potion of mutation
 m - a potion of haste
 n - a potion of enlightenment

Dungeon Overview and Level Annotations

Branches:
Dungeon (8/15)             Temple (0/1) D:6
   Lair: D:8-11

Altars:
Cheibriados
Gozag
Makhleb
Okawaru
Wu Jian
Zin
The Shining One

Shops:
D:2 *


Message History

The yak is almost dead.
The yak barely misses you. x2; The yak completely misses you.
You shoot an arrow. The arrow hits the yak.
The yak is almost dead.
The yak misses you. The yak completely misses you. The yak barely misses you.
You shoot an arrow. The arrow hits the yak!
You kill the yak!
Okawaru is honoured by your kill.
Your base Dodging skill increases to level 7!
You shoot an arrow.
The arrow hits the yak but does no damage.
The yak suddenly seems more resistant.
The wolf closely misses you. The yak completely misses you. The yak gores you!
You shoot an arrow. The arrow hits the yak.
The yak is lightly wounded.
The wolf barely misses you. The yak gores you but does no damage.
The yak closely misses you. The wolf barely misses you.
You shoot an arrow. The arrow hits the yak!
The yak is heavily wounded.
The wolf barely misses you. The yak barely misses you. The yak misses you.
You shoot an arrow. The arrow hits the yak!
The yak is severely wounded.
The wolf completely misses you. The yak closely misses you.
The wolf misses you. The yak gores you but does no damage.
You shoot an arrow. The arrow hits the yak.
You drain the yak.
The yak is almost dead.
The wolf completely misses you.
You shoot an arrow. The arrow closely misses the yak.
The wolf bites you. The yak closely misses you. The yak gores you.
You shoot an arrow. The arrow hits the yak.
You kill the yak!
Okawaru accepts your kill. The wolf bites you! The yak misses you.
The wolf closely misses you.
You shoot an arrow. The arrow hits the yak!
The arrow freezes the yak.
The yak is heavily wounded.
The wolf completely misses you. The yak misses you. The yak closely misses you.
You shoot an arrow. The arrow barely misses the yak.
A hound comes into view.
The wolf closely misses you. The yak gores you!
You die...

.... #.~..~.~~.~.S..
.... #....~.~.~...~.
#... #......~.~....~
#...#### .............
#......# ####.....)..!#
#......####......%%....#
#......#....# #Y......#
.##(...>.# ##hYY....#
.........### #Y@#######
.##........####<##
..#.....##.......####
#)#.....#######.....#
#...........# #.###.# #
.##..##...%.###.###....
............|.h........
.....####..###<####..>.
.......###.# #.# ..


You could see 4 yaks, a wolf and a hound (wandering).

Vanquished Creatures
  6 yaks
  A steam dragon (D:7)
  Menkaure (D:5)
  2 water moccasins
  A sky beast (D:7)
  An orc warrior (D:7)
  2 ice beasts
  A black bear (D:6)
  3 wolves (D:8)
  An ogre (D:6)
  2 phantoms
  A bullfrog (D:8)
  2 howler monkeys (D:7)
  3 orc priests
  4 hounds
  2 jellies
  3 sleepcaps
  A gnoll bouda (D:6)
  Natasha (thrice) (D:2)
  An iguana (D:3)
  5 gnolls (D:6)
  12 adders
  2 white imps
  2 worms (D:2)
  3 dart slugs
  9 orcs
  6 ball pythons
  6 bats
  11 endoplasms
  4 giant cockroaches
  9 goblins
  5 hobgoblins
  6 jackals
  5 kobolds
  A quokka (D:4)
  3 frilled lizards (D:2)
  9 rats
139 creatures vanquished.

Notes
Turn   | Place    | Note
-------+----------+-------------------------------------------
     0 | D:1      | qw the Deep Elf Hunter began the quest for the Orb.
     0 | D:1      | Reached XP level 1. HP: 12/12 MP: 3/3
     0 | D:1      | 0 ||| qw: Version: 0.3-a-9-g12657ce
     0 | D:1      | 0 ||| qw: Game counter: 2923
     0 | D:1      | 0 ||| qw: Always use a shield: true
     0 | D:1      | 0 ||| qw: God list: Okawaru
     0 | D:1      | 0 ||| qw: Allow faded altars: false
     0 | D:1      | 0 ||| qw: Do Orc after D:15 true
     0 | D:1      | 0 ||| qw: Do second Lair branch before Depths: true
     0 | D:1      | 0 ||| qw: Lair rune preference: random
     0 | D:1      | 0 ||| qw: Plans: Normal
     0 | D:1      | 0 ||| PLANNING D:1-11
   203 | D:1      | Reached skill level 6 in Ranged Weapons
   203 | D:1      | Reached XP level 2. HP: 16/16 MP: 4/4
   837 | D:1      | 837 ||| UPGRADING to +0 ring mail.
   847 | D:1      | 847 ||| DROPPING +0 leather armour.
   848 | D:1      | 848 ||| READING 2 scrolls labelled ITSOCZUDAX.
   849 | D:1      | 849 ||| READING scroll labelled IMUOHUIRAD.
   850 | D:1      | 850 ||| READING scroll labelled TOLYXA KERE.
   853 | D:1      | 853 ||| READING scroll labelled DODDOFROSS.
   854 | D:1      | 854 ||| READING scroll labelled NEFEF FUCEWNU.
   855 | D:1      | 855 ||| DROPPING scroll of butterflies.
  1143 | D:2      | Reached XP level 3. HP: 20/20 MP: 5/5
  1199 | D:2      | 1199 ||| READING scroll of enchant weapon.
  1199 | D:2      | 1199 ||| ENCHANTING +1 shortbow of chaos.
  1200 | D:2      | Noticed Natasha
  1203 | D:2      | Killed Natasha
  1204 | D:2      | Reached skill level 7 in Ranged Weapons
  1256 | D:2      | Found Rynkomus's General Store.
  1264 | D:2      | 1264 ||| BUYING scroll of identify (20 gold).
  1264 | D:2      | Bought a scroll of identify for 20 gold pieces
  1350 | D:2      | Reached XP level 4. HP: 25/25 MP: 6/6
  1477 | D:2      | Noticed Natasha
  1479 | D:2      | 1479 ||| FLEEEEING.
  1484 | D:2      | 1484 ||| FLEEEEING.
  1485 | D:2      | 1485 ||| FLEEEEING.
  1490 | D:2      | Killed Natasha
  1491 | D:2      | Reached skill level 8 in Ranged Weapons
  1504 | D:2      | 1504 ||| FLEEEEING.
  1524 | D:2      | 1524 ||| FLEEEEING.
  1633 | D:2      | Noticed Natasha
  1640 | D:2      | Killed Natasha
  1641 | D:2      | Reached XP level 5. HP: 19/29 MP: 7/7
  1842 | D:2      | 1842 ||| UPGRADING to +1 helmet of intelligence.
  1847 | D:2      | 1847 ||| DRINKING 2 dark potions.
  1848 | D:2      | 1848 ||| READING 2 scrolls of identify.
  1848 | D:2      | 1848 ||| IDENTIFYING fuming puce potion
  1875 | D:3      | 1875 ||| PLANNING SEWER
  2022 | D:3      | Reached skill level 9 in Ranged Weapons
  2473 | D:3      | 2473 ||| RIP SEWER
  2498 | D:3      | 2498 ||| PLANNING D:1-11
  2506 | D:3      | Reached XP level 6. HP: 35/35 MP: 8/8
  2744 | D:3      | 2744 ||| UPGRADING to +0 cloak.
  2749 | D:3      | 2749 ||| UPGRADING to ring of poison resistance.
  2750 | D:3      | 2750 ||| READING scroll labelled ECAOCE US GEIC.
  2751 | D:3      | 2751 ||| READING scroll labelled GIWAXI FUTUFF.
  2752 | D:3      | 2752 ||| READING scroll labelled TIEPROTEWE.
  2753 | D:3      | 2753 ||| DRINKING 2 lumpy clear potions.
  2796 | D:3      | 2796 ||| DRINKING 2 fuming yellow potions.
  2797 | D:3      | 2797 ||| DROPPING potion of lignification.
  2798 | D:3      | 2798 ||| DROPPING potion of attraction.
  2811 | D:4      | 2811 ||| STAIRDANCE
  2888 | D:4      | Reached skill level 1 in Armour
  3449 | D:4      | 3449 ||| UPGRADING to ring of resist corrosion.
  3450 | D:4      | 3450 ||| UPGRADING to +6 ring of dexterity.
  3452 | D:4      | 3452 ||| UPGRADING to ring of poison resistance.
  3454 | D:4      | 3454 ||| READING 4 scrolls of identify.
  3454 | D:4      | 3454 ||| IDENTIFYING orange potion
  3455 | D:4      | 3455 ||| READING 3 scrolls of identify.
  3455 | D:4      | 3455 ||| IDENTIFYING viscous pink potion
  3456 | D:4      | 3456 ||| READING 2 scrolls of identify.
  3456 | D:4      | 3456 ||| IDENTIFYING golden potion
  3457 | D:4      | 3457 ||| DROPPING potion of degeneration.
  3458 | D:4      | 3458 ||| DROPPING potion of ambrosia.
  3459 | D:4      | 3459 ||| DROPPING potion of brilliance.
  3462 | D:5      | Entered Level 5 of the Dungeon
  3532 | D:5      | Reached skill level 10 in Ranged Weapons
  3532 | D:5      | Reached XP level 7. HP: 40/40 MP: 9/9
  3625 | D:5      | 3625 ||| READING scroll of enchant weapon.
  3625 | D:5      | 3625 ||| ENCHANTING +2 shortbow of chaos.
  3667 | D:5      | Noticed Menkaure
  3671 | D:5      | Killed Menkaure
  3684 | D:5      | Found a burning altar of Makhleb.
  3687 | D:5      | Found an ornate altar of the Wu Jian Council.
  3706 | D:5      | Reached skill level 11 in Ranged Weapons
  3781 | D:5      | Found an opulent altar of Gozag.
  3784 | D:5      | Found an iron altar of Okawaru.
  3784 | D:5      | Found a snail-covered altar of Cheibriados.
  3785 | D:5      | 3785 ||| PLANNING OKAWARU WORSHIP
  3785 | D:5      | 3785 ||| READING scroll labelled YTELASIULY.
  3786 | D:5      | 3786 ||| READING scroll labelled EFOOBO XOUR.
  3787 | D:5      | 3787 ||| DRINKING 2 bubbling pink potions.
  3788 | D:5      | 3788 ||| READING 2 scrolls of identify.
  3788 | D:5      | 3788 ||| IDENTIFYING white potion
  3792 | D:5      | Found a glowing golden altar of the Shining One.
  3793 | D:5      | Became a worshipper of Warmaster Okawaru
  3794 | D:5      | 3794 ||| PLANNING D:1-11
  3801 | D:5      | Found a glowing silver altar of Zin.
  4081 | D:6      | Reached skill level 12 in Ranged Weapons
  4130 | D:6      | Reached XP level 8. HP: 44/44 MP: 10/10
  4369 | D:6      | Reached skill level 3 in Fighting
  4427 | D:6      | Reached * piety under Okawaru
  4570 | D:6      | Identified the +1 ring mail "Zesal" {Harm rN+++ Will+
                  | Str-4}
  4616 | D:6      | Found a staircase to the Ecumenical Temple.
  4717 | D:7      | 4717 ||| INVOKING Heroism.
  4729 | D:7      | 4729 ||| STAIRDANCE
  4870 | D:7      | 4870 ||| Stepping ~*~*~tactically~*~*~ (cloud).
  4876 | D:7      | HP: 9/46 [steam dragon/ball of steam (6)]
  4877 | D:7      | 4877 ||| READING scroll of teleportation.
  4878 | D:7      | 4878 ||| DRINKING 2 potions of heal wounds.
  5028 | D:7      | 5028 ||| INVOKING Heroism.
  5029 | D:7      | 5029 ||| INVOKING Heroism.
  5073 | D:7      | 5073 ||| FLEEEEING.
  5077 | D:7      | Reached skill level 13 in Ranged Weapons
  5078 | D:7      | HP: 10/46 [orc warrior/+0 hand axe (11)]
  5079 | D:7      | 5079 ||| DRINKING potion of heal wounds.
  5142 | D:7      | Reached skill level 1 in Invocations
  5159 | D:7      | 5159 ||| INVOKING Heroism.
  5503 | D:7      | Reached skill level 14 in Ranged Weapons
  5893 | D:7      | 5893 ||| UPGRADING to +0 pair of gloves.
  5898 | D:7      | 5898 ||| DRINKING 3 black potions.
  5899 | D:7      | 5899 ||| READING 3 scrolls of identify.
  5899 | D:7      | 5899 ||| IDENTIFYING silvery potion
  5935 | D:8      | 5935 ||| STAIRDANCE
  5938 | D:7      | Reached XP level 9. HP: 42/50 MP: 12/12
  5972 | D:8      | 5972 ||| STAIRDANCE
  5974 | D:7      | 5974 ||| INVOKING Heroism.
  5978 | D:7      | Reached skill level 6 in Dodging
  5978 | D:7      | Reached skill level 3 in Invocations
  6078 | D:8      | 6078 ||| STAIRDANCE
  6203 | D:8      | 6203 ||| INVOKING Heroism.
  6215 | D:8      | HP: 11/51 [electric eel/bolt of electricity (2)]
  6216 | D:8      | 6216 ||| READING scroll of teleportation.
  6238 | D:8      | 6238 ||| FLEEEEING.
  6251 | D:8      | 6251 ||| INVOKING Heroism.
  6280 | D:8      | 6280 ||| INVOKING Heroism.
  6381 | D:8      | 6381 ||| INVOKING Heroism.
  6394 | D:8      | HP: 13/52 [yak (1)]
  6397 | D:8      | Slain by a yak

Levels and vault maps discovered:
D:1:      wander_arrival_fairy_ring, layout_basic, st_stairs_8,
          chequers_serial_rivers_small_3
D:2:      layout_loops_corners, serial_shops, shop, minmay_goblin_outpost,
          uniq_natasha
D:3:      layout_loops_ring, portal_sewer_entry_b, palyth_stone_intersect,
          serial_bayou_pond_c, minmay_misc_feat_chi, kennysheep_generic_room_6
D:4:      layout_rooms, serial_forest, infiniplex_forest_clump_curved,
          infiniplex_forest_join, infiniplex_forest_straight_3,
          infiniplex_forest_lined_corner, infiniplex_forest_lined_room_,
          infiniplex_forest_lined_4_way
D:5:      wad_pebble_path, layout_rooms, nicolae_overflow_hallway_of_the_gods,
          uniq_menkaure
D:6:      layout_loops_corners, lemuel_temple_firewalk_b, due_unseen_surprise
D:7:      layout_basic, dk_vineyard_1
D:8:      layout_rooms, erik_lair_island

Skill      XL: |  1  2  3  4  5  6  7  8  9 |
---------------+----------------------------+-----
Ranged Weapons | 6 7 8 9 10 12 14 | 14.0
Fighting       | 2 3 4 |  4.2
Armour         | 1 2 |  2.0
Dodging        | 4 5 7 |  7.5
Invocations    | 2 4 |  4.2
Stealth        | |  1.2

Action                     |  1- 3 |  4- 6 |  7- 9 || total
---------------------------+-------+-------+-------++-------
   Fire: Shortbow          |    62 |   150 |   228 ||   440
 Invoke: Heroism           |       |       |     8 ||     8
    Use: Scroll            |     6 |     7 |     7 ||    20
         Potion            |       |     3 |     4 ||     7
 Armour: Leather armour    |     3 |       |       ||     3
         Ring mail         |     3 |    24 |    33 ||    60
  Dodge: Dodged            |    14 |    38 |   113 ||   165

Table legend:
 A = Non-vault XP
 B = Vault XP
 C = Vault XP percentage of total XP
 D = Non-vault monster count
 E = Vault monster count
 F = Vault count percentage of total count
                 A         B        C        D         E       F
            +---------+---------+-------+---------+---------+-------
      Total |    3948 |     629 |  13.7 |     122 |      18 |  12.9
            +---------+---------+-------+---------+---------+-------
        D:1 |      23 |       2 |   8.0 |      12 |       1 |   7.7
        D:2 |     132 |      45 |  25.4 |      26 |       6 |  18.8
        D:3 |     197 |      20 |   9.2 |      12 |       6 |  33.3
        D:4 |     147 |       0 |   0.0 |      23 |       0 |   0.0
        D:5 |     373 |     169 |  31.2 |       8 |       1 |  11.1
        D:6 |     679 |       0 |   0.0 |      15 |       0 |   0.0
        D:7 |    1763 |       0 |   0.0 |      21 |       0 |   0.0
        D:8 |     634 |     393 |  38.3 |       5 |       4 |  44.4
            +---------+---------+-------+---------+---------+-------
